 Dungeon Crawl Stone Soup version 0.30-a0-738-g116ff8c4af (webtiles) character file.

Game seed: 2028670313747372040

662 cforsyth the Conjurer (level 7, -3/36 HPs)
             Began as a Tengu Conjurer on Feb 3, 2023.
             Slain by a sky beast (6 damage)
             ... on level 5 of the Dungeon.
             The game lasted 00:11:52 (6807 turns).

cforsyth the Conjurer (Tengu Conjurer)              Turns: 6807, Time: 00:11:52

Health: -3/36      AC:  2    Str:  8    XL:     7   Next: 56%
Magic:  12/13      EV: 16    Int: 20    God:
Gold:   213        SH:  0    Dex: 12    Spells: 8/13 levels left

rFire   . . .      SeeInvis .    (no weapon)
rCold   . . .      Faith    .    (no shield)
rNeg    . . .      Spirit   .    a - +0 robe
rPois   .          Reflect  .    (helmet restricted)
rElec   .          Harm     .    (no cloak)
rCorr   .          Rampage  .    (no gloves)
Will    .....                    (boots unavailable)
Stlth   +++                      (no amulet)
HPRegen 0.26/turn                (no ring)
MPRegen 0.13/turn                (no ring)

@: brilliant, about to teleport, flying quickly and evasively, quick
A: beak, talons 3, nimble flight
a: no special abilities


You were on level 5 of the Dungeon.
You visited 2 branches of the dungeon, and saw 7 of its levels.

You collected 213 gold pieces.

Inventory:

Armour
 a - a +0 robe (worn)
Jewellery
 f - a ring of resist corrosion
 n - an amulet of faith
 o - a ring of see invisible
 t - a ring of protection from cold
Scrolls
 d - 5 scrolls of identify {unknown}
 g - 6 scrolls of fear {unknown}
 i - 3 scrolls of teleportation
 l - a scroll of amnesia {unknown}
 m - a scroll of fog {unknown}
 p - a scroll of enchant armour {unknown}
 q - a scroll of magic mapping {unknown}
 r - a scroll of blinking {unknown}
Potions
 b - a potion of magic
 c - a potion of degeneration {unknown}
 e - a potion of lignification {unknown}
 h - 3 potions of brilliance
 j - a potion of flight {unknown}
 k - a potion of attraction {unknown}
 s - a potion of berserk rage {unknown}
 u - a potion of curing {unknown}


   Skills:
 + Level 4.4 Dodging
 + Level 4.3 Stealth
 + Level 3.7 Spellcasting
 + Level 7.1 Conjurations
 + Level 2.3 Hexes


You had 8 spell levels left.
You knew the following spells:

 Your Spells              Type           Power      Damage    Failure   Level
a - Magic Dart            Conj           100%       1d8       1%          1
b - Fulminant Prism       Conj/Hex       16%        3d10      19%         4

Your spell library contained the following spells:

 Spells                   Type           Power      Damage    Failure   Level
 Searing Ray              Conj           96%        2d7       1%          2
 Dazzling Flash           Conj/Hex       66%        N/A       6%          3
 Hailstorm                Conj/Ice       26%        3d7       10%         3
 Ensorcelled Hibernation  Hex/Ice        24%        N/A       12%         2
 Freeze                   Ice            20%        1d4       13%         1
 Passwall                 Tmut/Erth      4%         N/A       21%         2
 Iskenderun's Mystic Bla  Conj/Tloc      26%        2d7       30%         4
 Frozen Ramparts          Ice            10%        1d2       36%         3
 Spider Form              Tmut/Pois      5%         N/A       36%         3
 Swiftness                Air            5%         N/A       36%         3
 Anguish                  Hex/Necr       6%         N/A       63%         4
 Ice Form                 Ice/Tmut       5%         N/A       78%         4
 Simulacrum               Ice/Necr       2%         N/A       100%        6
 Chain Lightning          Conj/Air       13%        3d17      100%        9
 Fire Storm               Conj/Fire      13%        8d3       100%        9
 Shatter                  Erth           2%         3d6*      100%        9


Dungeon Overview and Level Annotations

Branches:
Dungeon (6/15)             Temple (1/1) D:4

Altars:
Cheibriados
Dithmenos
Fedhas
Gozag
Hepliaklqana
Kikubaaqudgha
Makhleb
Nemelex Xobeh
Okawaru
Qazlal
Sif Muna
Trog
Uskayaw
Wu Jian
Xom
Yredelemnul
Zin
The Shining One

Shops:
D:2 [


Innate Abilities, Weirdness & Mutations

You have a beak for a mouth.
You have claws for feet.
Your magical nature lets you fly swiftly and evasively.


Message History

Deactivating autopickup; reactivate with Ctrl-A.
There is an open door here.
There is a stone staircase leading up here.
You start resting.
Something hits you. Something shocks you.
* * * LOW HITPOINT WARNING * * *
Unknown command.
Something hits you but does no damage.
You fly upwards.
Reactivating autopickup.
There is a stone staircase leading down here.
Something hits you.
* * * LOW HITPOINT WARNING * * *
Something shocks you.
* * * LOW HITPOINT WARNING * * *
Deactivating autopickup; reactivate with Ctrl-A.
A sky beast appears from thin air!
Reactivating autopickup.
You see here a +0 morningstar.
You see here a +0 giant club.
The sky beast flickers out of sight!
Deactivating autopickup; reactivate with Ctrl-A.
As you read the scroll of teleportation, it crumbles to dust.
You feel strangely unstable.
It was a potion of brilliance.
You feel clever all of a sudden.
A sky beast appears from thin air!
Reactivating autopickup.
The sky beast closely misses you.
Casting: Magic Dart (safe; 1% risk of failure)
Confirm with . or Enter, or press ? or * to list all spells.
Aiming: Magic Dart (safe; 1% risk of failure)
Press: ? - help, Shift-Dir - straight line, f - sky beast
Aim: a sky beast (rain, severely wounded, 100% to hit)
You feel a surge of power!
The magic dart hits the sky beast.
The sky beast is severely wounded.
The sky beast hits you.
* * * LOW HITPOINT WARNING * * *
The sky beast shocks you.
You die...

...#.....#.#...# #...###
..........##.#.###...#
..........##.#.##.#..#
.....#.#..#..#..###..#
.......#.##.###.###..#
.[.....###..#(#..###.#
..>.####..)##.##...####
#####....###...###....#######
..~...)..)...#.Y@####.......#
#####....###..§###....#####.#
....####...##.##...#### ###.#
.......###..#)#..###..# #...#
.........##.###.##....###.###
..........#..#..#..###....#
..........##.#.##.## ##.###
.###.##....#.#†##.# ##.##
.###..#....#...##.# ##.## #


You could see a sky beast.

Vanquished Creatures
  A sky beast (D:5)
  2 ogres (D:5)
  A scorpion (D:4)
  2 jellies
  2 hounds (D:5)
  2 iguanas
  Terence (D:3)
  5 adders
  A worm (D:2)
  3 dart slugs
  6 orcs
  6 ball pythons
  10 endoplasms
  2 giant cockroaches
  12 goblins
  7 hobgoblins
  2 jackals (D:3)
  4 quokkas
  6 bats
  4 frilled lizards
  6 kobolds
  2 rats
87 creatures vanquished.

Notes
Turn   | Place    | Note
-------+----------+-------------------------------------------
     0 | D:1      | cforsyth the Tengu Conjurer began the quest for the Orb.
     0 | D:1      | Reached XP level 1. HP: 10/10 MP: 4/4
   174 | D:1      | Reached XP level 2. HP: 15/15 MP: 3/6
   555 | D:1      | Found a faded altar of an unknown god.
   876 | D:1      | Reached XP level 3. HP: 19/19 MP: 5/7
  1611 | D:2      | Reached XP level 4. HP: 24/24 MP: 1/8
  1934 | D:2      | Found Noaxy's Armour Shop.
  2554 | D:3      | Learned a level 4 spell: Fulminant Prism
  2813 | D:3      | Noticed Terence
  2929 | D:3      | Killed Terence
  2930 | D:3      | Reached skill level 6 in Conjurations
  2930 | D:3      | Reached skill level 1 in Hexes
  2930 | D:3      | Gained mutation: Your magical nature lets you fly swiftly
                  | and evasively. [Tengu growth]
  2930 | D:3      | Reached XP level 5. HP: 28/28 MP: 2/10
  3084 | D:3      | Found a glowing golden altar of the Shining One.
  3476 | D:4      | Found a staircase to the Ecumenical Temple.
  3788 | D:4      | Reached XP level 6. HP: 32/32 MP: 4/11
  4079 | D:5      | Entered Level 5 of the Dungeon
  4240 | D:5      | Noticed a sky beast
  4780 | D:5      | Killed a sky beast
  5403 | D:5      | Reached XP level 7. HP: 36/36 MP: 8/13
  5972 | D:5      | Reached skill level 7 in Conjurations
  6366 | Temple   | Entered the Ecumenical Temple
  6743 | D:6      | Found a shimmering altar of Xom.
  6785 | D:5      | HP: 1/36 [something (5)]
  6807 | D:5      | Slain by a sky beast

Illustrated notes

Levels and vault maps discovered:
D:1:      minmay_arrival_hallway, layout_loops_ring,
          shapermc_ecumenical_altar_acropolis, grunt_decor_clamped,
          minmay_pentomino_t4
D:2:      layout_loops_cross, serial_shops, shop_statue,
          minmay_stone_trees_medium, hex_large
D:3:      layout_loops_ring, tso_oasis_becter, minmay_misc_feat_more_columns,
          uniq_terence
D:4:      layout_rooms, minmay_temple_entry_fiery
D:5:      minmay_general_purpose_star, layout_layer_cave, amethyst_killhole
D:6:      minmay_polygon_palace, layout_gridville, xom_teletrap_fun,
          vehumet_altar_wand_db, serial_shops, nicolae_square_shop,
          guppyfry_early_elven_hall
Temple:   eino_temple_scatter_basement

Skill      XL: |  1  2  3  4  5  6  7 |
---------------+----------------------+-----
Dodging        | 3 4 |  4.4
Stealth        | 3 4 |  4.3
Conjurations   | 6 7 |  7.1
Hexes          | 1 2 |  2.3
Spellcasting   | 3 |  3.7

Action                     |  1- 3 |  4- 6 |  7- 9 || total
---------------------------+-------+-------+-------++-------
  Melee: Unarmed           |    10 |    12 |       ||    22
         Kick              |     3 |     5 |       ||     8
         Peck              |     2 |     2 |       ||     4
   Cast: Magic Dart        |    58 |   144 |    34 ||   236
    Use: Scroll            |       |     1 |     1 ||     2
         Potion            |       |       |     1 ||     1
 Armour: Robe              |     4 |     5 |     2 ||    11
  Dodge: Dodged            |    11 |    51 |    13 ||    75

Table legend: (Time is in decaauts)
 A = Elapsed time spent in this place.
 B = Non-inter-level travel time spent in this place.
 C = Inter-level travel time spent in this place.
 D = Time resting spent in this place.
 E = Time spent auto-exploring this place.
 F = Levels seen in this place.
 G = Mean time per level.
                   A        B        C        D        E       F      G
               +--------+--------+--------+--------+--------+-----+--------+
         Total |   6582 |   6284 |    298 |    847 |   4612 |   7 |  940.3 |
       Dungeon |   6352 |   6069 |    283 |    847 |   4463 |   6 | 1058.7 |
        Temple |    229 |    215 |     14 |      0 |    149 |   1 |  229.0 |
               +--------+--------+--------+--------+--------+-----+--------+

Top non-repeatable levels by time:
     D:5: 1868 daAuts
     D:3: 1381 daAuts
     D:1: 1153 daAuts
     D:4: 1012 daAuts
     D:2: 889 daAuts
  Temple: 229 daAuts
     D:6: 46 daAuts
